cohdb
Replays
Latest Replays
All Replays
Popular Replays
Top Player Replays
Match Explorer
How It Works
Community
CoH3 Stats
Reddit
Sign in to upload your games and track your stats! →
Sign in with Steam
Match 41815606
Unlisted
Match 41815606
Overview
Messages
Build Orders
End
Kettenkrad Recon Vehicle
Construct Infanterie Kompanie
Grenadier Squad
Selects Breakthrough Battlegroup
Selects Assault Grenadiers
MG 42 Machine Gun Team
GrW 34 Mortar Team
Construct Panzergrenadier Kompanie
Pak 40 Anti-tank Gun Team
Support Elements
Medical Station
Panzergrenadier Squad
Selects Rapid Production
Panzergrenadier Squad
Construct Panzer Kompanie
Selects Blitzkrieg
Sturmpanzer IV Brummbär
Side Skirts
Blitzkrieg
Panzer IV Medium Tank
Panzer IV Medium Tank
Nukepapa
Glock 19
poporogue
지앵이
0
0
Comments
sign in to comment!
No comments posted yet!